 Dungeon Crawl Stone Soup version bcrawl-1.27.3 (webtiles) character file.

Game seed: 7015930098480559848

231667 Freyura the Covered (level 6, -2/39 HPs)
             Began as a Gargoyle Fighter on Aug 2, 2020.
             Killed by nerve-wracking pain
             ... invoked by an orc priest
              (6 damage)
             ... on level 3 of the Dungeon.
             The game lasted 00:05:21 (2160 turns).

Freyura the Covered (Gargoyle Fighter)              Turns: 2160, Time: 00:05:22

Health: -2/39      AC: 14    Str: 18 (20) XL:     6   Next: 52%
Magic:  6/6        EV:  5    Int:  5 (8)  God:
Gold:   175        SH: 10    Dex:  9 (11) Spells: 5/5 levels left

rFire    . . .     SeeInvis .   a - +0 flail
rCold    . . .     Gourm    .   c - +1 medium shield
rNeg     + . .     Faith    .   b - +0 scale mail
rPois    ∞         Spirit   .   j - +2 helmet
rElec    +         Reflect  .   (no cloak)
rCorr    .         Harm     .   (no gloves)
MR       .....                  (no boots)
Stlth    ..........             (no amulet)
HPRegen  0.13/turn              (no ring)
MPRegen  0.10/turn              (no ring)

@: no status effects
A: negative energy resistance 1, electricity resistance, unbreathing,
petrification resistance, rot immunity, AC +4
a: no special abilities


You were on level 3 of the Dungeon.
You were hungry.

You visited 1 branch of the dungeon, and saw 3 of its levels.

You collected 175 gold pieces.

Inventory:

Hand Weapons
 a - a +0 flail (weapon)
Missiles
 g - a throwing net {=f}
Armour
 b - a +0 scale mail (worn)
 c - a +1 medium shield (worn)
 j - a +2 helmet (worn)
Scrolls
 d - a scroll of immolation
 i - a scroll of identify
Potions
 f - a potion of lignification
 h - 3 potions of curing
 k - 2 potions of magic
Comestibles
 e - 6 rations {!d}


   Skills:
 + Level 4.6 Fighting
 * Level 4.3 Maces & Flails
 + Level 4.6 Armour
 + Level 4.4 Shields


You had 5 spell levels left.
You didn't know any spells.
Your spell library was empty.

Dungeon Overview and Level Annotations

Branches:
Dungeon (3/12)

Altars:
Okawaru


Innate Abilities, Weirdness & Mutations

You are resistant to torment.
Your stone body is resilient. (AC +4)
You are immune to poison.
You resist negative energy. (rN+)
You are resistant to electric shocks. (rElec)
You can survive without breathing.
You are immune to petrification.
You are immune to rotting.


Message History

Pain shoots through your body!
* * * LOW HITPOINT WARNING * * *
You block the orc priest's attack.
Items here: )) [ † a +0 whip; a +0 trident; a +0 chain mail; an orc corpse It was a potion of degeneration.
There was something very wrong with that liquid.
You feel weakened.
You feel dopey.
You feel clumsy.
The orc priest hits you but does no damage.
You hit the orc priest.
The orc priest is moderately wounded.
The orc priest hits you but does no damage.
You hit the orc priest.
The orc priest is heavily wounded.
The orc priest hits you but does no damage. x2
You hit the orc priest but do no damage.
The orc priest is heavily wounded.
The orc priest mumbles some strange prayers to Beogh against you.
Pain shoots through your body!
You die...

## ... .# #.# .# #
# #.# .# .#.. #.#
.#.....
#.######...###.
#.#...)@o......
#.#.####...####
#.#####....###.#.#
#..............# #
#######....###.#
#....#####
#.########........
#........#....###.
########.#.#..###


You could see an orc priest.

Vanquished Creatures
  Grinder (D:3)
  Robin (D:2)
  3 adders (D:3)
  An ooze (D:1)
  2 worms
  A leopard gecko (D:2)
  5 orcs (D:3)
  9 bats
  2 giant cockroaches (D:1)
  10 goblins
  6 hobgoblins
  10 jackals
  3 quokkas
  2 ball pythons
  5 kobolds
  4 rats
65 creatures vanquished.

Notes
Turn   | Place    | Note
-------+----------+-------------------------------------------
     0 | D:1      | Freyura the Gargoyle Fighter began the quest for the Orb.
     0 | D:1      | Reached XP level 1. HP: 14/14 MP: 1/1
   255 | D:1      | Reached XP level 2. HP: 19/19 MP: 2/2
   754 | D:2      | Noticed Robin
   766 | D:1      | Reached XP level 3. HP: 22/23 MP: 3/3
  1022 | D:2      | Killed Robin
  1026 | D:2      | Reached XP level 4. HP: 11/29 MP: 4/4
  1169 | D:2      | Found an iron altar of Okawaru.
  1907 | D:3      | Noticed Grinder
  1911 | D:3      | Paralysed by Grinder for 3 turns
  1920 | D:3      | Killed Grinder
  1920 | D:3      | Reached XP level 5. HP: 14/34 MP: 5/5
  1920 | D:3      | Reached XP level 6. HP: 16/39 MP: 6/6
  2160 | D:3      | Killed from afar by an orc priest

Skill      XL: |  1  2  3  4 |
---------------+-------------+-----
Maces & Flails | 4 |  4.3
Armour         | 4 |  4.6
Fighting       | 4 |  4.6
Shields        | 4 |  4.4

Action                   |  1- 3 |  4- 6 || total
-------------------------+-------+-------++-------
Melee: Flail             |   121 |   149 ||   270
  Use: Scroll            |     4 |     3 ||     7
       Potion            |       |     2 ||     2
  Eat: Chunk             |     5 |     4 ||     9
       Ration            |       |     1 ||     1
Armor: Scale mail        |   142 |   149 ||   291
Dodge: Dodged            |    53 |    35 ||    88
Block: Medium shield     |   105 |   107 ||   212
